Map: Hard Lead LE

Players

Subwayeatn

  • Race: Protoss Protoss
  • League: Platinum
  • Spawn Location: 11:00

socksandgoat - Winner!

  • Race: Zerg Zerg
  • League: Platinum
  • Spawn Location: 5:00

VOD

Have the link to the VOD?

Description

Time

  • Played on: Oct. 21, 2023, 3:21 p.m.
  • Length: 8:08
Show
View Real Time Build Order
Export as new Build Order

Subwayeatn Protoss 

Build Orders:  

Get SALT Encoding   

  12  0:00  Probe  
  13  0:12  Probe  
  14  0:21  Pylon  
  14  0:24  Probe  
  15  0:39  Probe  
  16  0:44  Gateway  
  16  0:53  Probe  
  17  1:00  Assimilator  
  17  1:05  Probe  
  18  1:15  Pylon  
  18  1:21  Probe  
  19  1:33  Probe  
  19  1:34  Forge  
  20  1:59  Probe  
  20  2:00  Pylon  
  21  2:11  Zealot  
  21  2:12  Nexus  
  23  2:20  Cybernetics Core  
  22  2:30  Pylon  
  22  2:39  Zealot  
  22  2:41  Assimilator  
  24  2:51  Pylon  
  24  3:06  Zealot  
  26  3:13  Warp Gate  
  26  3:17  Gateway  
  26  3:22  Gateway  
  26  3:24  Probe  
  26  3:25  Pylon  
  27  3:31  Assimilator  
  27  3:33  Assimilator  
  27  3:41  Probe x2 (Chrono Boost)  
  29  3:52  Probe x2 (Chrono Boost)  
  31  3:58  Stargate  
  31  4:06  Stalker  
  33  4:12  Stalker  
  33  4:14  Sentry  
  37  4:17  Probe  
  37  4:20  Probe (Chrono Boost)  
  39  4:29  Probe (Chrono Boost), Pylon  
  40  4:37  Protoss Ground Armor Level 1  
  40  4:57  Probe x2 (Chrono Boost)  
  48  5:07  Probe x2 (Chrono Boost)  
  48  5:11  Void Ray  
  48  5:19  Probe x2  
  50  5:34  Probe x2 (Chrono Boost)  
  54  5:44  Probe x2 (Chrono Boost)  
  54  5:46  Stargate  
  58  5:54  Void Ray  
  58  6:07  Nexus  
  58  6:10  Assimilator  
  58  6:14  Pylon  
  58  6:16  Probe x2  
  60  6:28  Probe  
  60  6:29  Probe  
  66  6:38  Void Ray  
  52  6:41  Probe x2  
  50  6:52  Zealot  
  50  6:53  Zealot x2  
  52  7:24  Zealot x3  
  58  7:36  Probe  
  63  7:43  Probe x2  
  65  7:48  Probe  
Show
View Real Time Build Order
Export as new Build Order

socksandgoat Zerg - Winner!

Build Orders: Hatch First 

Get SALT Encoding   

  12  0:01  Drone  
  13  0:16  Overlord  
  13  0:18  Drone  
  14  0:32  Extractor  
  14  0:33  Drone  
  15  0:38  Drone  
  15  0:41  Drone  
  17  1:01  Hatchery  
  16  1:07  Spawning Pool  
  15  1:12  Drone, Extractor  
  15  1:14  Drone  
  15  1:18  Drone  
  17  1:24  Drone  
  18  1:36  Drone  
  19  1:47  Overlord  
  19  2:02  Queen  
  19  2:06  Zergling x4  
  23  2:33  Metabolic Boost  
  23  2:36  Queen  
  25  2:44  Drone x2  
  25  2:45  Zergling x4, Drone  
  25  2:46  Zergling x2  
  31  2:56  Drone x2  
  33  3:00  Lair  
  33  3:06  Overlord  
  33  3:21  Extractor, Drone x4  
  33  3:24  Overlord  
  36  3:38  Drone x2  
  38  4:03  Pneumatized Carapace  
  38  4:04  Queen  
  38  4:06  Zergling x6  
  38  4:07  Zergling x6  
  38  4:09  Drone x2  
  48  4:26  Overlord  
  48  4:27  Overlord  
  48  4:28  Zergling x4  
  50  4:32  Drone x2  
  50  4:38  Extractor  
  51  4:40  Extractor  
  50  4:52  Drone x3  
  53  4:53  Drone x4  
  57  5:01  Hatchery  
  56  5:12  Drone x6  
  62  5:32  Zergling x2  
  62  5:33  Zergling x10, Overlord  
  62  5:34  Overlord x2  
  68  5:39  Overlord  
  66  6:50  Hydralisk Den  
  53  7:19  Hydralisk  
  53  7:20  Hydralisk x12  
  53  7:21  Hydralisk x5  
Tags
 
Matchup
PvZ
Replay Pack
Multiplayer
Spawn Locations
Cross Positions
Add a new tag
Caveats
  • Supply blocks, unpowered buildings, or Contaminate may cause inaccurate times.
  • Supply counts are checked every 10 seconds.